 Dungeon Crawl Stone Soup version 0.30-a0-339-g89bb51ec76 (webtiles) character file.

Game seed: 12655769657761933180

1365 retardedninja the Chopper (level 8, -5/73 HPs)
             Began as a Hill Orc Fighter on Oct 31, 2022.
             Slain by a troll (10 damage)
             ... on level 5 of the Dungeon.
             The game lasted 00:09:47 (5177 turns).

retardedninja the Chopper (Hill Orc Fighter)        Turns: 5177, Time: 00:09:47

Health: -5/73      AC: 11    Str: 21    XL:     8   Next: 65%
Magic:  8/8        EV:  6    Int:  8    God:
Gold:   311        SH: 13    Dex: 10    Spells: 7/7 levels left

rFire   . . .      SeeInvis .    a - +0 war axe
rCold   . . .      Faith    .    e - +0 tower shield
rNeg    . . .      Spirit   .    b - +0 scale mail
rPois   .          Reflect  .    k - +2 hat
rElec   .          Harm     .    r - +0 cloak
rCorr   .          Rampage  .    (no gloves)
Will    .....                    (no boots)
Stlth   ..........               p - amulet of regeneration
HPRegen 1.12/turn                (no ring)
MPRegen 0.11/turn                (no ring)

@: no status effects
A: no striking features
a: no special abilities


You were on level 5 of the Dungeon.
You visited 1 branch of the dungeon, and saw 6 of its levels.

You collected 311 gold pieces.

Inventory:

Hand Weapons
 a - a +0 war axe (weapon)
Missiles
 v - 5 throwing nets (quivered)
 x - 6 boomerangs
Armour
 b - a +0 scale mail (worn)
 e - a +0 tower shield (worn)
 k - a +2 hat (worn)
 n - a +0 helmet
 r - a +0 cloak (worn)
Jewellery
 p - an amulet of regeneration (around neck)
Scrolls
 i - 2 scrolls of teleportation
 m - a scroll of fear
 o - a scroll of fog {unknown}
 s - 2 scrolls of identify
 t - a scroll of enchant weapon {unknown}
 w - a scroll of amnesia {unknown}
Potions
 c - a potion of attraction {unknown}
 d - a potion of flight
 f - 2 potions of cancellation
 g - a potion of heal wounds {unknown}
 h - 2 potions of lignification
 j - 2 potions of invisibility
 l - 3 potions of degeneration
 u - a potion of might


   Skills:
 + Level 7.2 Fighting
 + Level 7.2 Axes
 + Level 6.5 Armour
 + Level 6.5 Shields


You had 7 spell levels left.
You didn't know any spells.
Your spell library contained the following spells:

 Spells                   Type           Power      Damage    Failure   Level
 Apportation              Tloc           0%         N/A       100%        1
 Necrotise                Necr           0%         1d4       100%        1
 Summon Small Mammal      Summ           0%         N/A       100%        1


Dungeon Overview and Level Annotations

Branches:
Dungeon (6/15)
 Temple: D:4-7

Altars:
Kikubaaqudgha

Shops:
D:4 !   D:5 (

Annotations:
D:6 Eustachio


Message History

* * * LOW HITPOINT WARNING * * *
The troll bites you!
* * * LOW HITPOINT WARNING * * *
You block the troll's attack. x2
Unknown command.
Okay, then.
You slash the troll!
The troll is severely wounded.
The troll bites you but does no damage. The troll claws you but does no damage.
You block the troll's attack.
You barely miss the troll.
The troll is severely wounded.
You block the troll's attack. The troll claws you but does no damage.
The troll barely misses you. You block the troll's attack.
The troll claws you but does no damage. You block the troll's attack.
You barely miss the troll.
The troll is severely wounded.
The troll barely misses you. You block the troll's attack.
The troll claws you but does no damage.
You closely miss the troll.
The troll is severely wounded.
The troll barely misses you. The troll claws you but does no damage.
The troll completely misses you. You block the troll's attack.
The troll claws you.
* * * LOW HITPOINT WARNING * * *
The troll claws you.
* * * LOW HITPOINT WARNING * * *
You slash the troll!
The troll is severely wounded.
You block the troll's attack. The troll claws you but does no damage.
You block the troll's attack.
You hit the troll but do no damage.
The troll is severely wounded.
You block the troll's attack. The troll claws you but does no damage.
You block the troll's attack. x3; The troll claws you.
* * * LOW HITPOINT WARNING * * *
You hit the troll.
The troll is almost dead.
The troll bites you!
You die...

#.#........#.#...###......#.
######.......#..##...#........
##.###...........#.............
#................#...........#.
#......>........#..###.##...##.
#................#.#....#.#..##
##...######....................
##### ###........#.....###.
#..@##..####........ ##T.#####
#.....#.. #### ####..#..
#....... #....... ##......
##....# ##.... ##.##


You could see a troll.

Vanquished Creatures
  A black bear (D:5)
  An ogre (D:5)
  A centaur (D:5)
  A phantom (D:4)
  A scorpion (D:5)
  2 gnoll sergeants (D:5)
  A vampire bat (D:5)
  4 hounds (D:5)
  3 gnoll boudas (D:5)
  An iguana (D:5)
  Crazy Yiuf (D:2)
  Terence (D:3)
  Natasha (thrice) (D:3)
  An orc wizard (D:3)
  Robin (D:2)
  4 adders
  22 gnolls
  A worm (D:2)
  A dart slug (D:2)
  3 fire bats (D:5)
  4 orcs (D:3)
  2 spectral bats (D:5)
  11 bats
  3 bat skeletons (D:5)
  A bat zombie (D:5)
  3 endoplasms
  5 giant cockroaches
  18 goblins
  7 hobgoblins
  A jackal (D:5)
  6 kobolds
  7 ball pythons
  A bat simulacrum (D:5)
  2 frilled lizards (D:2)
  4 rats
129 creatures vanquished.

Notes
Turn   | Place    | Note
-------+----------+-------------------------------------------
     0 | D:1      | retardedninja the Hill Orc Fighter began the quest for the
                  | Orb.
     0 | D:1      | Reached XP level 1. HP: 19/19 MP: 1/1
    77 | D:1      | Reached XP level 2. HP: 21/27 MP: 2/2
   143 | D:1      | Found a faded altar of an unknown god.
   472 | D:2      | Reached XP level 3. HP: 31/33 MP: 3/3
   768 | D:2      | Found an ancient bone altar of Kikubaaqudgha.
   796 | D:2      | Noticed Robin
   818 | D:2      | Killed Robin
   819 | D:2      | Reached XP level 4. HP: 38/41 MP: 4/4
  1149 | D:2      | Found a runed translucent door.
  1150 | D:2      | Noticed Crazy Yiuf
  1158 | D:2      | Killed Crazy Yiuf
  1265 | D:3      | Noticed Natasha
  1275 | D:3      | Killed Natasha
  1276 | D:3      | Reached XP level 5. HP: 38/47 MP: 5/5
  1479 | D:3      | Noticed Natasha
  1491 | D:3      | Killed Natasha
  1957 | D:3      | Noticed Natasha
  1967 | D:3      | Killed Natasha
  1968 | D:3      | Reached skill level 5 in Fighting
  1989 | D:3      | Noticed Terence
  2008 | D:3      | Killed Terence
  2009 | D:3      | Reached XP level 6. HP: 56/56 MP: 6/6
  2380 | D:4      | Found Biupyr's Distillery.
  3144 | D:4      | Reached skill level 5 in Axes
  3451 | D:5      | Entered Level 5 of the Dungeon
  3617 | D:5      | Reached skill level 5 in Armour
  3623 | D:5      | Reached skill level 5 in Shields
  3623 | D:5      | Reached XP level 7. HP: 55/61 MP: 7/7
  3944 | D:5      | Found Keaji's Antique Weapon Shoppe.
  3973 | D:5      | Reached XP level 8. HP: 30/71 MP: 8/8
  5160 | D:6      | Noticed Eustachio
  5160 | D:6      | Noticed a troll
  5170 | D:5      | HP: 3/73 [troll (9)]
  5176 | D:5      | HP: 3/73 [troll (4)]
  5177 | D:5      | Slain by a troll

Illustrated notes

Levels and vault maps discovered:
D:1:      psy_arrival_basics, layout_rooms, chequers_ecumenical_altar_simple
D:2:      layout_basic, basic_altar, minmay_pentomino_v2,
          uniq_crazy_yiuf_cottage, uniq_robin
D:3:      layout_basic, uniq_terence, uniq_natasha
D:4:      layout_basic, serial_shops, shop
D:5:      layout_cave_pools, serial_gnoll_camp, gnoll_camp_medium_01,
          gnoll_camp_mini_hut, gnoll_camp_mini_sergeant, gnoll_camp_mini_shop,
          goddamned_bats
D:6:      layout_rooms, serial_shops, nicolae_shop_crystal,
          minmay_strange_pillars, uniq_menkaure, uniq_eustachio

Skill      XL: |  1  2  3  4  5  6  7  8 |
---------------+-------------------------+-----
Axes           | 3 4 5 6 7 |  7.2
Fighting       | 4 5 6 7 |  7.2
Armour         | 4 5 6 |  6.5
Shields        | 4 5 6 |  6.5

Action                   |  1- 3 |  4- 6 |  7- 9 || total
-------------------------+-------+-------+-------++-------
Melee: War axe           |    78 |   157 |   226 ||   461
Throw: Dart              |    36 |     3 |     2 ||    41
  Use: Potion            |       |     2 |     2 ||     4
       Scroll            |       |    10 |     1 ||    11
Armor: Scale mail        |    45 |    86 |   195 ||   326
Dodge: Dodged            |    37 |    69 |   112 ||   218
Block: Buckler           |    20 |    17 |       ||    37
       Tower shield      |       |    45 |   309 ||   354

Table legend: (Time is in decaauts)
 A = Elapsed time spent in this place.
 B = Non-inter-level travel time spent in this place.
 C = Inter-level travel time spent in this place.
 D = Time resting spent in this place.
 E = Time spent auto-exploring this place.
 F = Levels seen in this place.
 G = Mean time per level.
                   A        B        C        D        E       F      G
               +--------+--------+--------+--------+--------+-----+--------+
         Total |   5410 |   5266 |    144 |   1353 |   2605 |   6 |  901.7 |
       Dungeon |   5410 |   5266 |    144 |   1353 |   2605 |   6 |  901.7 |
               +--------+--------+--------+--------+--------+-----+--------+

Top non-repeatable levels by time:
     D:5: 1856 daAuts
     D:3: 1346 daAuts
     D:4: 915 daAuts
     D:2: 837 daAuts
     D:1: 452 daAuts
     D:6: 3 daAuts
